 Dungeon Crawl Stone Soup version 0.18.1-8-gdd0e5ea (webtiles) character file.

890 Hipnos the Geomancer (level 8, -1/43 HPs)
             Began as a Gargoyle Earth Elementalist on May 31, 2016.
             Was an Initiate of Vehumet.
             Killed by divine providence
             ... invoked by an orc priest
              (16 damage)
             ... on level 4 of the Dungeon.
             The game lasted 00:18:40 (4456 turns).

Hipnos the Geomancer (Gargoyle Earth Elementalist)  Turns: 4456, Time: 00:18:41

Health: -1/43      AC: 14    Str: 12    XL:     8   Next: 6%
Magic:  14/14      EV: 12    Int: 18    God:    Vehumet [......]
Gold:   136        SH:  0    Dex: 10    Spells: 1 memorised, 15 levels left

rFire  + . .     SeeInvis .     y - +0 flail (protect)
rCold  . . .     Gourm    .     g - +1 robe {rF+}
rNeg   + . .     Faith    .     (no shield)
rPois  ∞         Spirit   .     v - +0 helmet
rElec  +         Dismiss  .     (no cloak)
rCorr  .         Reflect  .     (no gloves)
SustAt .         Harm     .     (no boots)
MR     .....                    (no amulet)
Stlth  ++........               (no ring)
                                (no ring)

@: not resistant to hostile enchantments, unstealthy
A: negative energy resistance 1, electricity resistance, unbreathing,
petrification resistance, rot immunity, AC +5
a: Renounce Religion


You were on level 4 of the Dungeon.
You worshipped Vehumet.
Vehumet was noncommittal.
You were near starving.

You visited 1 branch of the dungeon, and saw 4 of its levels.

You collected 136 gold pieces.

Inventory:

Hand Weapons
 j - a +0 whip
 y - a +0 flail of protection (weapon)
Missiles
 b - 15 stones (quivered)
Armour
 a - a +0 robe
 g - a +1 robe of fire resistance (worn)
 n - a +0 leather armour
 r - a +0 leather armour
 v - a +0 helmet (worn)
Wands
 z - a wand of flame (0/48)
Scrolls
 f - 2 scrolls of remove curse {unknown}
 m - 4 scrolls of enchant armour {unknown}
 t - 2 scrolls of noise {unknown}
 u - 2 scrolls of magic mapping {unknown}
Potions
 e - 2 potions of brilliance
 h - 2 potions of might {unknown}
 k - 3 potions of flight
 o - a potion of berserk rage {unknown}
 q - a potion of degeneration {unknown}
 s - a potion of lignification {unknown}
 x - 2 potions of haste
Books
 c - a book of Geomancy

   Spells                             Type                      Level
   a - Sandblast                      Earth                        1
   b - Passwall                       Transmutation/Earth          2
   c - Stone Arrow                    Conjuration/Earth            3
   d - Petrify                        Transmutation/Earth          4
   e - Lee's Rapid Deconstruction     Earth                        5
Comestibles
 d - a bread ration
 p - 4 meat rations
 w - a slice of pizza


   Skills:
 + Level 1.4 Fighting
 + Level 2.1 Maces & Flails
 + Level 1.8 Armour
 + Level 2.9 Dodging
 - Level 2.2 Stealth
 + Level 4.5 Spellcasting
   Level 0.7 Transmutations
 * Level 8.0 Earth Magic


You had 15 spell levels left.
You knew the following spells:

 Your Spells              Type           Power        Failure   Level  Hunger
a - Sandblast             Erth           ####..       1%          1    None


Dungeon Overview and Level Annotations

Branches:
Dungeon (4/15)
 Temple: D:4-7

Altars:
Makhleb
Nemelex Xobeh
Vehumet


Innate Abilities, Weirdness & Mutations

You are resistant to torment.
Your stone body is resilient (AC +5).
You are immune to poison.
You resist negative energy.
You are resistant to electric shocks.
You can survive without breathing.
You are immune to petrification.
You are immune to rotting.


Message History

The orc priest closely misses you.
The orc priest hits you but does no damage.
You closely miss the orc priest.
The orc priest is severely wounded.
The orc priest hits you but does no damage.
You hit the orc priest but do no damage.
The orc priest is severely wounded.
You are near starving!
The orc priest hits you but does no damage.
You hit the orc priest but do no damage.
The orc priest is severely wounded.
The orc priest hits you but does no damage.
The worker ant misses you.
The orc priest hits you but does no damage.
You closely miss the orc priest.
The orc priest is severely wounded.
The worker ant bites you but does no damage.
The orc priest calls down the wrath of Beogh upon you.
Beogh smites you!
You die...

#.o..#...............
#########
#[#.##.........##.#.
........#
#.#.##.##...##.##.#.
##.###..#
#......##...........
#.#....#
##...#####.###.####.
#.#[##.#
#....)....)...# #.
#.#.##.#
#####....#.#####..# #.
##......###.....a([[.#
#..# #.
..##............@....#
#..####.
#.##.######....o.....#
#....### .......#
####.###.#.#####.##.#
#.....)# #.##
##........##.#
#......# #.#
#.#########.# #......#
#.## ##[# #.#
#.....<#######.###.##
#.###
#...............[)##
#.#..
.....##.#.###..#[####
#.#.#


You could see a worker ant and an orc priest.

Vanquished Creatures
  Grinder (D:3)
  Sigmund (D:2)
  A howler monkey (D:4)
  A crimson imp (D:3)
  A centaur skeleton (D:4)
  2 orc priests
  4 orc wizards
  2 hounds (D:4)
  Ijyb (D:3)
  5 adders
  4 worms
  2 dart slugs
  A giant gecko (D:4)
  19 orcs
  4 giant cockroaches
  19 goblins
  6 hobgoblins
  5 jackals (D:3)
  7 kobolds
  A quokka (D:2)
  2 ball pythons (D:2)
  4 bats
  A giant gecko skeleton (D:4)
  4 giant newts
  7 rats
105 creatures vanquished.

Notes
Turn   | Place    | Note
--------------------------------------------------------------
     0 | D:1      | Hipnos the Gargoyle Earth Elementalist began the quest for the Orb.
     0 | D:1      | Reached XP level 1. HP: 10/10 MP: 3/3
   554 | D:1      | Reached skill level 4 in Earth Magic
   560 | D:1      | Reached XP level 2. HP: 15/15 MP: 0/5
   836 | D:1      | Found a sparkling altar of Nemelex Xobeh.
  1046 | D:2      | Noticed Sigmund
  1089 | D:2      | Reached XP level 3. HP: 19/19 MP: 0/6
  1358 | D:2      | Reached skill level 5 in Earth Magic
  1580 | D:2      | Reached XP level 4. HP: 24/24 MP: 5/7
  1778 | D:2      | Killed Sigmund
  1778 | D:2      | Reached skill level 1 in Armour
  1778 | D:2      | Reached skill level 6 in Earth Magic
  1778 | D:2      | Reached XP level 5. HP: 24/28 MP: 6/9
  2023 | D:3      | Reached XP level 6. HP: 32/32 MP: 8/10
  2102 | D:3      | Noticed Ijyb
  2104 | D:3      | Noticed Grinder
  2108 | D:3      | Killed Ijyb
  2113 | D:3      | Paralysed by Grinder for 7 turns
  2122 | D:3      | Paralysed by Grinder for 5 turns
  2146 | D:3      | Paralysed by Grinder for 6 turns
  2158 | D:3      | Killed Grinder
  2158 | D:3      | Reached skill level 7 in Earth Magic
  2158 | D:3      | Reached XP level 7. HP: 28/36 MP: 0/13
  2834 | D:3      | Found a radiant altar of Vehumet.
  2835 | D:3      | Found a burning altar of Makhleb.
  2856 | D:3      | Became a worshipper of Vehumet
  3519 | D:4      | Reached skill level 1 in Maces & Flails
  3583 | D:4      | Reached skill level 1 in Fighting
  4035 | D:3      | Reached skill level 8 in Earth Magic
  4054 | D:3      | Reached XP level 8. HP: 21/43 MP: 14/14
  4456 | D:4      | Killed from afar by an orc priest

Skill      XL: |  1  2  3  4  5  6  7 |
---------------+----------------------+-----
Earth Magic    | 4 5 6 7 8 |  8.0
Armour         | 1 |  1.8
Spellcasting   | 3 4 |  4.5
Dodging        | 2 |  2.9
Maces & Flails | 2 |  2.1
Fighting       | 1 |  1.4
Stealth        | |  2.2
Transmutations | |  0.7

Action                   |  1- 3 |  4- 6 |  7- 9 || total
-------------------------+-------+-------+-------++-------
Melee: Unarmed           |    13 |       |       ||    13
       Whip              |       |     7 |       ||     7
       Flail             |       |       |   217 ||   217
Throw: Stone             |       |     3 |     1 ||     4
 Cast: Sandblast         |    55 |    33 |    44 ||   132
  Use: Scroll            |       |     3 |     2 ||     5
       Potion            |       |     3 |     5 ||     8
 Stab: Sleeping          |       |       |     1 ||     1
  Eat: Chunk             |     3 |     1 |     7 ||    11
Armor: Robe              |     5 |     4 |   155 ||   164
       Leather armour    |     6 |     1 |       ||     7
Dodge: Dodged            |    17 |    13 |   164 ||   194
